 Dungeon Crawl Stone Soup version 0.31.0-11-ge490571c62 (webtiles) character file.

Game seed: 14270541701850789845

6 qw the Shooter (level 1, 0/10 HPs)
             Began as a Spriggan Hunter on Feb 4, 2024.
             Slain by a goblin
             ... wielding a +0 club
              (3 damage)
             ... on level 1 of the Dungeon.
             The game lasted 00:00:00 (55 turns).

qw the Shooter (Spriggan Hunter)                      Turns: 55, Time: 00:00:00

Health: 0/10       AC:  2    Str:  7    XL:     1   Next: 75%
Magic:  2/2        EV: 18    Int: 10    God:
Gold:   8          SH:  0    Dex: 18    Spells: 0/0 levels left

rFire   . . .        a - +0 shortbow
rCold   . . .        (shield currently unavailable)
rNeg    . . .        c - +0 robe
rPois   .            (helmet restricted)
rElec   .            (no cloak)
rCorr   .            (gloves unavailable)
SInv    +            (boots unavailable)
Will    .....        (no amulet)
Stlth   ++           (no ring)
HPRegen 0.21/turn    (no ring)
MPRegen 0.08/turn

%: no passive effects
@: very quick
A: very small, no large weapons, unfitting armour, see invisible, speed 3
a: no special abilities


You were on level 1 of the Dungeon.
You visited 1 branch of the dungeon, and saw 1 of its levels.

You collected 8 gold pieces.


Innate Abilities, Weirdness & Mutations

You are very small and have problems with some larger weapons.
You are too small for most types of armour.
You have supernaturally acute eyesight. (SInv)
You cover ground extremely quickly. (Speed+++)


   Skills:
 - Level 1.5 Fighting
 - Level 4.0 Ranged Weapons
 + Level 3.5 Dodging
 - Level 1.5 Stealth


You couldn't memorise any spells.
You didn't know any spells.
Your spell library was empty.

Inventory:

Hand Weapons
 a - a +0 shortbow (weapon)
Armour
 c - a +0 robe (worn)
Scrolls
 b - a scroll of butterflies
Potions
 d - a potion of enlightenment {unknown}
 e - a potion of curing {unknown}

Dungeon Overview and Level Annotations

Branches:
Dungeon (1/15)

Altars:


Message History

The goblin is severely wounded.
You shoot an arrow. The arrow barely misses the goblin.
The arrow closely misses the kobold.
The goblin closely misses you.
You shoot an arrow. The arrow barely misses the goblin.
The arrow closely misses the kobold.
The goblin misses you.
You shoot an arrow. The arrow closely misses the goblin.
The arrow hits the kobold but does no damage.
A hobgoblin comes into view.
The goblin barely misses you.
You shoot an arrow. The arrow closely misses the goblin.
The hobgoblin shouts!
The arrow hits the kobold!
You kill the kobold!
The goblin barely misses you. The goblin hits you with a +0 club.
You shoot an arrow.
The arrow hits the goblin but does no damage.
The goblin is severely wounded.
The goblin barely misses you.
You shoot an arrow. The arrow barely misses the goblin.
The arrow closely misses the hobgoblin.
The goblin closely misses you.
You shoot an arrow. The arrow barely misses the goblin.
The arrow barely misses the hobgoblin.
The goblin closely misses you.
You shoot an arrow. The arrow closely misses the goblin.
The arrow barely misses the hobgoblin.
You shoot an arrow. The arrow barely misses the goblin.
The goblin closely misses you. The hobgoblin hits you.
The goblin hits you with a +0 club.
You shoot an arrow. The arrow barely misses the goblin.
The hobgoblin completely misses you. The goblin barely misses you.
You shoot an arrow. The arrow barely misses the goblin.
The hobgoblin completely misses you. The goblin misses you.
You shoot an arrow. The arrow closely misses the goblin.
The hobgoblin barely misses you. The goblin hits you but does no damage.
You shoot an arrow. The arrow barely misses the goblin.
The hobgoblin misses you. The goblin hits you with a +0 club.
You die...

........ ......$
....$# ... ....#
#..... ...#
...... .
.)##..... #..
#g##.....
##...###@g...#
.............#
..##.###.....#
#.....#
#.###.....#
..........#
.....#....#
......#....#
......###.#######


You could see a hobgoblin and a goblin.

Vanquished Creatures
  A bat (D:1)
  An endoplasm (D:1)
  A giant cockroach (D:1)
  A hobgoblin (D:1)
  A kobold (D:1)
5 creatures vanquished.

Notes
Turn   | Place    | Note
-------+----------+-------------------------------------------
     0 | D:1      | qw the Spriggan Hunter began the quest for the Orb.
     0 | D:1      | Reached XP level 1. HP: 10/10 MP: 2/2
     0 | D:1      | 0 ||| qw: Version: 0.3-a-160-g6735b56
     0 | D:1      | 0 ||| qw: Game counter: 5978
     0 | D:1      | 0 ||| qw: Melee chars always use a shield: true
     0 | D:1      | 0 ||| qw: God list: Okawaru
     0 | D:1      | 0 ||| qw: Allow faded altars: false
     0 | D:1      | 0 ||| qw: Do Orc after clearing Dungeon:15 true
     0 | D:1      | 0 ||| qw: Do second Lair branch before Depths: true
     0 | D:1      | 0 ||| qw: Lair rune preference: random
     0 | D:1      | 0 ||| qw: Goals: Normal
     0 | D:1      | 0 ||| PLANNING D:1-11
    23 | D:1      | Reached skill level 3 in Dodging
    51 | D:1      | HP: 2/10 [goblin/+0 club (4)]
    55 | D:1      | Slain by a goblin

Levels and vault maps discovered:
D:1:      psy_arrival_conway, layout_rooms

Skill      XL: |  1 |
---------------+----+-----
Dodging        | 3 |  3.5
Fighting       | |  1.5
Ranged Weapons | |  4.0
Stealth        | |  1.5

Action                     || total
---------------------------++-------
   Fire: Shortbow          ||    23
 Armour: Robe              ||     5
  Dodge: Dodged            ||    15

Table legend:
 A = Non-vault XP
 B = Vault XP
 C = Vault XP percentage of total XP
 D = Non-vault monster count
 E = Vault monster count
 F = Vault count percentage of total count
                 A         B        C        D         E       F
            +---------+---------+-------+---------+---------+-------
      Total |       9 |       0 |   0.0 |       5 |       0 |   0.0
            +---------+---------+-------+---------+---------+-------
        D:1 |       9 |       0 |   0.0 |       5 |       0 |   0.0
            +---------+---------+-------+---------+---------+-------
